AoeStats
← Luthran

Arena

504533318Analyzed
4v4 RM · 26d ago on Sep 5, 2026· 27m 23s· 8 players
Game mode
Random Map
Map size
Large (8 player)
Population
200
Speed
Normal
Resources
Standard
Victory
Conquest
Starting age
Dark Age
Ending age
Imperial Age
RankedLock teamsTeams togetherTeam positionsShared explorationLock speedFull tech treeHidden civsTurbo modeCheats
Victory
Defeat
🇫🇷 Cumans · France
1249
+15
🇸🇰 Britons · Slovakia
1240
+15
🇳🇱 Ethiopians · Netherlands
1223
+16
🇪🇸 Persians · Spain
1222
+16
🇳🇱 Goths · Netherlands
1255
-17
🇵🇪 Koreans · Peru
1254
-17
🇲🇽 Khmer · Mexico
1191
-14
🇺🇸 Persians · United States
1189
-14
MASACRE
11:03 Feudal Age
14:41 Castle Age
12:50 Double-Bit Axe
22:35 Bow Saw
22:52 Horse Collar
25:50 Loom
26:40 Wheelbarrow
29:24 Imperial Age
27:03 Fletching
27:23 Scale Barding Armor
27:29 Forging
27:59 Bloodlines
27:50 Husbandry
Sahraoui
7:02 Loom
9:19 Feudal Age
10:04 Double-Bit Axe
10:00 Horse Collar
16:39 Gold Mining
17:32 Wheelbarrow
21:21 Castle Age
19:52 Forging
19:43 Scale Mail Armor
20:33 Scale Barding Armor
22:48 Iron Casting
22:49 Chain Barding Armor
21:52 Capped Ram
23:25 Bloodlines
Luthran
9:59 Feudal Age
10:18 Feudal Age
14:57 Castle Age
13:12 Double-Bit Axe
16:23 Bow Saw
15:54 Horse Collar
22:05 Gold Mining
23:41 Fletching
23:52 Padded Archer Armor
26:19 Bodkin Arrow
26:40 Leather Archer Armor
28:02 Wheelbarrow
27:14 Loom
RogerV
10:26 Feudal Age
14:03 Castle Age
12:11 Double-Bit Axe
12:44 Horse Collar
15:13 Bow Saw
21:24 Loom
23:20 Crossbowman
23:56 Fletching
24:51 Bodkin Arrow
27:26 Wheelbarrow
27:00 Thumb Ring
twitch.tv/skof03
0:28 Loom
10:49 Feudal Age
14:41 Castle Age
15:30 Double-Bit Axe
23:12 Bloodlines
jona_vte_94
11:15 Feudal Age
15:33 Castle Age
13:39 Double-Bit Axe
14:04 Horse Collar
16:15 Loom
17:08 Wheelbarrow
21:21 Town Watch
22:55 Gold Mining
23:16 Bow Saw
23:06 Heavy Plow
25:13 Hand Cart
25:25 Fletching
26:21 Bodkin Arrow
27:08 Fortified Wall
鱼塘里的鱼儿
Brandon
10:36 Feudal Age
8:52 Loom
14:36 Castle Age
12:48 Stone Mining
13:51 Double-Bit Axe
16:12 Bow Saw
19:34 Scale Mail Armor
19:44 Forging
22:35 Squires
23:58 Gold Mining
25:02 Iron Casting
Connection lost

Rejoining the realm…

Still unreachable

The connection could not be restored.

Session expired

The server has moved on; the page needs a fresh start.